Minoru, lawful male human Samurai ------ |....| - |.....##I#### ...- |....| | |>...| --.-.- # # ### # ---- ### |++.| # |?+.-#### # |??.| # -------|------- |+?. ###|.............| |?? #..............| --- |.............| |....<........| --------------- Minoru the Ronin Experience level: 3 Strength: 12 Dexterity: 18 Constitution: 18 Intelligence: 9 Wisdom: 7 Charisma: 7 Health: 0(37) Energy: 10(10) Def: 6 Gold: 613 Moves: 1624 Dungeon seed: HwYyLbwdCAEW4mLT Game ID: Minoru_1465036834 Your Inventory: Coins $ - 613 gold pieces Weapons a - an uncursed corroded +0 katana (weapon in hand) b - an uncursed +2 wakizashi (alternate weapon; not wielded) c - an uncursed +1 yumi d - 48 uncursed +0 ya (in quiver) Armor e - an uncursed rustproof +0 splint mail (being worn) Scrolls i - 3 uncursed scrolls of scare monster p - an uncursed scroll of enchant armor q - an uncursed scroll of confuse monster s - an uncursed scroll of teleportation x - an uncursed scroll of remove curse A - a cursed scroll of magic mapping Potions h - an uncursed potion of sickness t - a potion of holy water Wands f - an uncursed wand of probing (0:3) Tools g - an uncursed blindfold u - an uncursed +0 pick-axe Gems n - 2 uncursed worthless pieces of blue glass r - an uncursed worthless piece of white glass y - an uncursed touchstone z - an uncursed chrysoberyl stone Spells and supernatural/magical abilities: Name Level Category Fail Memory W - pray for help -- divine ? -- Your skills at the end: Miscellaneous Skills martial arts [Basic] wands [Basic] Weapon Skills short sword [Basic] long sword [Basic] bow [Basic] Spellcasting Skills Final Attributes: You were fervently aligned. You were fast. You are dead. Vanquished creatures: 2 little dogs an iguana a werejackal an acid blob 4 geckos 2 cave spiders a yellow mold a gnome zombie 10 jackals a fox a kobold 3 newts a goblin a grid bug 3 lichens a kobold zombie 34 creatures vanquished. Voluntary challenges: You were an atheist. You used a wielded weapon 39 times, starting on turn 2. You did not use tools. You were illiterate. You never genocided any monsters. You never polymorphed an object. You never changed form. You used no wishes. You never split a pudding. You never wrote Elbereth's name. You never violated your personal moral code. Dungeon overview: The Dungeons of Doom: levels 1 to 6 Level 1 a long staircase Level 2 a fountain Level 3 stairs to The Gnomish Mines Level 4 a fountain Level 5 <- You were here a scroll shop Level 6 The Gnomish Mines: Level 4 stairs to The Dungeons of Doom History has recorded: On T:1 you entered the Dungeons of Doom to retrieve the Amulet of Yendor! On T:240 you reached level 2 of The Dungeons of Doom. On T:240 you advanced to experience level 2. On T:487 you reached level 3 of The Dungeons of Doom. On T:650 you advanced to experience level 3. On T:735 you reached level 1 of The Gnomish Mines. On T:822 you reached level 4 of The Dungeons of Doom. On T:1179 you reached level 5 of The Dungeons of Doom. On T:1474 you reached level 6 of The Dungeons of Doom. Score breakdown: Gold: 613 ( 61 points) Experience: 3 levels ( 200 points) Exploration: 6 levels ( 150 points) Discoveries: 0 items ( 0 points) Variety of kills: 16 monsters ( 800 points) Major goal: (nothing yet) ( 0 points) Survival: died (score multiplied by 3) Total score: 3633 Latest messages: You faint from lack of food. You come to. You faint from lack of food. You come to. You faint from lack of food. You come to. You faint from lack of food. You come to. You faint from lack of food. Something bites! (10x) You come to. You kill the jackal! You faint from lack of food. You come to. A - a scroll labeled GARVEN DEH. You hear the chime of a cash register. Pick an object. Never mind. You hack the iguana. The iguana bites! You faint from lack of food. Something bites! (12x) You come to. You faint from lack of food. Something bites! You die... Final status: Sayonara Minoru the Samurai, killed by an iguana, while fainted from lack of food... You died in The Dungeons of Doom on dungeon level 5 with 3633 points, and 613 pieces of gold, after 1624 moves. You were level 3 with a maximum of 37 hit points when you died.